 Dungeon Sprint DCSS version 0.19.0-2-gae57169 (webtiles) character file.

1579 LORDOFBUTT the Cleaver (level 8, -5/132 HPs)
             Began as a Minotaur Berserker on Nov 2, 2016.
             Was an Elder of Trog.
             Slain by a skeletal warrior
             ... wielding a +0 flail
              (22 damage)
             ... in the Dungeon (Sprint II: "The Violet Keep of Menkaure").
             The game lasted 00:01:38 (1095 turns).

LORDOFBUTT the Cleaver (Minotaur Berserker)         Turns: 1095, Time: 00:01:38

Health: -5/132     AC:  0    Str: 26    XL:     8   Next: 60%
Magic:  7/7        EV: 19    Int:  4    God:    Trog [****..]
Gold:   729        SH:  0    Dex: 13    Spells: 0 memorised, 7 levels left

rFire  . . .     SeeInvis .     (weapon currently unavailable)
rCold  . . .     Gourm    .     (armour currently unavailable)
rNeg   . . .     Faith    .     (shield currently unavailable)
rPois  .         Spirit   .     (helmet currently unavailable)
rElec  .         Reflect  .     (cloak currently unavailable)
rCorr  .         Harm     .     (gloves currently unavailable)
MR     .....     NoTele   +     (boots currently unavailable)
Stlth  ..........               (no amulet)
                                (ring currently unavailable)
                                (ring currently unavailable)

@: berserking (expiring), pig-form, very quick
A: (retaliatory headbutt), (horns 0)
a: Berserk, Trog's Hand, Brothers in Arms, Burn Spellbooks, Renounce Religion


You were in the Dungeon.
You worshipped Trog.
Trog was greatly pleased with you.
You were not hungry.
You were a filthy swine.
You visited 1 branch You collected 729 gold pieces.

Inventory:

Hand Weapons
 a - a +0 hand axe (melded)
Missiles
 k - 7 exploding tomahawks (quivered)
Armour
 b - a +0 animal skin (melded)
Scrolls
 i - a scroll of blinking
Potions
 e - a potion of heal wounds
 f - a potion of haste
 g - 2 potions of magic
 h - a potion of berserk rage


   Skills:
 + Level 13.7 Fighting
 + Level 14.9 Axes
 + Level 7.8 Armour
 + Level 7.3 Dodging


You had 7 spell levels left.
You didn't know any spells.

Dungeon Overview and Level Annotations

Branches:
Dungeon (1/1)

Altars:

Shops:
D ?[!}%=:[=*!

Annotations:
D exclusion: orange crystal statue, Kirke


Innate Abilities, Weirdness & Mutations

((You reflexively headbutt those who attack you in melee.))
((You have a pair of horns on your head.))


Message History

You are too injured to fight recklessly!
You hit the skeletal warrior but do no damage.
You barely miss the skeletal warrior. Kirke hits you.
* * * LOW HITPOINT WARNING * * *
The skeletal warrior closely misses you.
You barely miss the skeletal warrior. Kirke hits you!
* * * LOW HITPOINT WARNING * * *
You hit the skeletal warrior but do no damage.
The skeletal warrior closely misses you.
Kirke gestures wildly while chanting.
Nothing appears to happen.
You hit the skeletal warrior but do no damage.
The kobold demonologist casts a spell.
The skeletal warrior misses you.
You hit the skeletal warrior but do no damage.
Kirke closely misses you.
You bite the skeletal warrior!
The skeletal warrior is lightly damaged.
The skeletal warrior hits you with a flail!!
You die...

z@.≈## ;;;§
###z≈#+++#+++##
##≈≈≈c@...§...#
.#≈≈≈≈.##'##..#
.#≈≈≈≈##@..##.####
.#≈≈≈≈#..#..#....#
.#≈≈####4).####..##
.#≈##.###'###.##z.# ∩#≈#
#.##.##...#h.# .+≈+
#'.<4'.##@..# ∩#≈#
#.##.##.cc#...§#
##≈##.###'###K##......≈
##≈≈####.#.####≈≈.§...≈#
##≈≈≈#..#..# ≈≈≈§≈..≈#
#+#≈##.#.## ≈≈§§≈§§≈#
#≈≈##'##≈≈≈≈≈§≈§≈§≈#
##≈≈≈≈≈≈≈≈≈≈≈≈≈≈≈§§


You could see Kirke, a yaktaur captain, a skeletal warrior, a centaur warrior
and a kobold demonologist.

Vanquished Creatures
  A siren (D)
  2 tyrant leeches (D)
  2 hippogriffs (D)
  4 necrophages (D)
  A crocodile (D)
10 creatures vanquished.

Vanquished Creatures (others)
  Menkaure (D)
  A crocodile (D)
2 creatures vanquished.

Grand Total: 12 creatures vanquished

Notes
Turn   | Place    | Note
-------+----------+-------------------------------------------
     0 | D        | LORDOFBUTT the Minotaur Berserker began the quest for the Orb.
     0 | D        | Reached XP level 1. HP: 19/19 MP: 0/0
     1 | D        | Noticed a siren
     8 | D        | Killed a crocodile
    27 | D        | Killed a siren
    27 | D        | Reached skill level 10 in Fighting
    27 | D        | Reached skill level 11 in Axes
    27 | D        | Reached skill level 5 in Armour
    27 | D        | Reached skill level 5 in Dodging
    27 | D        | Reached XP level 2. HP: 11/38 MP: 1/1
    27 | D        | Reached XP level 3. HP: 13/45 MP: 2/2
    27 | D        | Reached XP level 4. HP: 15/51 MP: 3/3
    27 | D        | Reached XP level 5. HP: 17/58 MP: 4/4
    27 | D        | Reached XP level 6. HP: 20/66 MP: 5/5
    36 | D        | Killed Menkaure
   252 | D        | Noticed a hippogriff
   252 | D        | Noticed a hippogriff
   259 | D        | Killed a hippogriff
   259 | D        | Reached ** piety under Trog
   259 | D        | Reached skill level 12 in Axes
   259 | D        | Reached XP level 7. HP: 48/74 MP: 6/6
   263 | D        | Killed a hippogriff
   263 | D        | Reached skill level 13 in Axes
   444 | D        | Noticed a tyrant leech
   444 | D        | Noticed a tyrant leech
   457 | D        | Killed a tyrant leech
   473 | D        | Killed a tyrant leech
   473 | D        | Reached skill level 14 in Axes
   473 | D        | Reached XP level 8. HP: 35/85 MP: 7/7
   525 | D        | Reached *** piety under Trog
   525 | D        | Received a gift from Trog
   870 | D        | Noticed an orange crystal statue
   873 | D        | Found Nosavo's Distillery.
   877 | D        | Found Webu's General Store.
   878 | D        | Found Uchudgh's Jewellery Boutique.
   878 | D        | Found Tutoq's Book Shop.
   878 | D        | Found Etohil's Antique Armour Shop.
   879 | D        | Found Nilohios's Food Boutique.
   879 | D        | Found Syatiah's Jewellery Boutique.
   880 | D        | Found Tifauto's Distillery.
   880 | D        | Found Irghuaq's Gadget Shop.
   881 | D        | Found Lideatamp's Armour Shop.
   881 | D        | Found Joyn's Magic Scroll Boutique.
   894 | D        | Reached **** piety under Trog
  1050 | D        | Noticed a centaur warrior
  1050 | D        | Noticed Kirke
  1050 | D        | Noticed a kobold demonologist
  1051 | D        | Noticed a skeletal warrior
  1052 | D        | Noticed a hellwing
  1053 | D        | Noticed a yaktaur captain
  1057 | D        | Noticed a manticore
  1095 | D        | Slain by a skeletal warrior

Skill      XL: |  1  2  3  4  5  6  7  8 |
---------------+-------------------------+-----
Fighting       | 10 11 12 13 | 13.7
Axes           | 11 12 14 | 14.9
Armour         | 5 6 7 |  7.8
Dodging        | 5 6 7 |  7.3

Action                   |  1- 3 |  4- 6 |  7- 9 || total
-------------------------+-------+-------+-------++-------
Melee: Hand axe          |    25 |     5 |    49 ||    79
       Headbutt          |     1 |     2 |    12 ||    15
       Unarmed           |       |       |    14 ||    14
Invok: Berserk           |       |       |     3 ||     3
  Use: Potion            |       |       |     1 ||     1
  Eat: Bread ration      |       |       |     1 ||     1
       Chunk             |       |       |     1 ||     1
Dodge: Dodged            |     3 |     9 |    19 ||    31
